 Dungeon Crawl Stone Soup version 0.14-a0-1613-gd720e3e (webtiles) character file.

409 M4edhros the Poker (level 5, 0/45 HPs)
             Began as a Draconian Chaos Knight on Dec 24, 2013.
             Was a Plaything of Xom.
             Succumbed to a yellow wasp's poison
             ... on Level 4 of the Dungeon.
             The game lasted 00:04:33 (3134 turns).

M4edhros the Poker (Draconian Chaos Knight)         Turns: 3134, Time: 00:04:33

HP   0/45        AC  5     Str 15      XL: 5   Next: 94%
MP   5/5         EV 13     Int 13      God: Xom
Gold 151         SH  0     Dex 10      Spells:  0 memorised,  4 levels left

rFire  . . .     SeeInvis .     a - +0 spear (chaos)
rCold  . . .     Clarity  .     (armour unavailable)
rNeg   . . .     Conserve .     (no shield)
rPois  .         rCorr    .     (helmet restricted)
rElec  .         rRot     .     (no cloak)
SustAb . .       Spirit   .     (no gloves)
rMut   .         Warding  .     (no boots)
Saprov . . .     Stasis   .     (no amulet)
                                (no ring)
                                (no ring)

@: quite poisoned, very slightly contaminated, slightly resistant to hostile
enchantments, unstealthy
A: unfitting armour, AC +5
a: Renounce Religion


You were on level 4 of the Dungeon.
You worshipped Xom.
You were a favourite toy of Xom.
You were near starving.

You visited 1 branch of the dungeon, and saw 4 of its levels.

You collected 151 gold pieces.

Inventory:

Hand weapons
 a - a +0,+0 spear of chaos (weapon)
Magical devices
 d - a wand of random effects (13)
Comestibles
 c - 4 bread rations
 j - a pear
Scrolls
 b - a scroll of remove curse
 g - a scroll of identify
 h - a scroll of teleportation
 l - a scroll of magic mapping
Jewellery
 i - an uncursed amulet of resist mutation


   Skills:
 - Level 3.2 Fighting
 + Level 5.2 Polearms
 + Level 4.3 Dodging


You had 4 spell levels left.
You didn't know any spells.

Dungeon Overview and Level Annotations

Branches:
Dungeon (4/16)
 Temple: D:4-7

Altars:


Message History

You hit the yellow wasp. You burn the yellow wasp.
The yellow wasp is lightly wounded.
* * * LOW HITPOINT WARNING * * *
You feel sick. The yellow wasp misses you. The yellow wasp barely misses you.
You miss the yellow wasp.
You tail-slap the yellow wasp, but do no damage.
The yellow wasp is lightly wounded.
The yellow wasp barely misses you.
Read which item? (? for menu, Esc to quit)
Blink to where?
Press: ? - help, Dir - move target cursor
As you read the scroll of blinking, it crumbles to dust.
You are very lightly contaminated with residual magic.
You feel yourself speed up.
* * * LOW HITPOINT WARNING * * *
You feel sick.
* * * LOW HITPOINT WARNING * * *
You feel sick.
You die...
Xom thinks this is hilarious!

#....^....##...# s
#........###...#
#.....##.# #...#
#.....##.# #...#
#.....##.# #...# S
########.# #...# O
#.# #...# #.###...#
#.@.....#
#.#.....###########
#.#.#...y....ยง.....
#...#..............
######.############
#.# #.# #.. ###


You could see a yellow wasp.

Vanquished Creatures
  A giant frog (D:4)
  A worker ant (D:4)
  2 orc wizards (D:4)
  Terence (D:3)
  A boggart (D:4)
  2 gnolls
  An adder (D:2)
  A worm (D:2)
  2 giant geckos
  2 oozes
  An orc (D:4)
  A ball python (D:1)
  3 giant cockroaches
  7 goblins
  8 hobgoblins
  3 jackals (D:1)
  7 kobolds
  2 quokkas
  6 bats
  7 giant newts
  An orc skeleton (D:4)
  6 rats
66 creatures vanquished.

Vanquished Creatures (collateral kills)
  An orc (D:4)
  A goblin (D:4)
2 creatures vanquished.

Vanquished Creatures (others)
  An orc wizard (D:4)
  An orc (D:4)
2 creatures vanquished.

Grand Total: 70 creatures vanquished

Notes
Turn   | Place    | Note
--------------------------------------------------------------
     0 | D:1      | M4edhros, the Draconian Chaos Knight, began the quest for the Orb.
     0 | D:1      | Reached XP level 1. HP: 19/19 MP: 1/1
    68 | D:1      | XOM: potion effect (agility)
    73 | D:1      | Reached XP level 2. HP: 16/26 MP: 2/2
   199 | D:1      | XOM: divination: detect items
   363 | D:1      | Reached XP level 3. HP: 14/31 MP: 3/3
   714 | D:1      | Reached skill level 4 in Polearms
  1067 | D:2      | XOM: divination: detect items
  1441 | D:2      | XOM: harmless Erth miscast
  1501 | D:2      | Reached XP level 4. HP: 33/38 MP: 4/4
  1984 | D:3      | XOM: silly message
  2007 | D:3      | Noticed Terence
  2019 | D:3      | Killed Terence
  2108 | D:4      | XOM: polymorph orc -> boggart
  2115 | D:4      | XOM: confusion (+ monsters)
  2127 | D:4      | XOM: divine lightning (protected)
  2141 | D:4      | XOM: polymorph gnoll -> giant cockroach
  2316 | D:3      | XOM: vitrification
  2438 | D:4      | Reached XP level 5. HP: 24/45 MP: 5/5
  2451 | D:4      | XOM: confuse monster(s)
  2452 | D:4      | XOM: swap monsters
  2457 | D:4      | XOM: polymorph worker ant -> water moccasin
  2483 | D:3      | XOM: god gift: runed short sword {god gift}
  2984 | D:4      | Reached skill level 5 in Polearms
  2990 | D:4      | XOM: confuse monster(s)
  3097 | D:4      | XOM: confusion
  3102 | D:4      | XOM: divination: detect creatures
  3126 | D:4      | Noticed a yellow wasp
  3128 | D:4      | HP: 2/45 [poisoned by a yellow wasp]
  3133 | D:4      | HP: 1/45 [poisoned by a yellow wasp]
  3134 | D:4      | Succumbed to a yellow wasp's poison

Action                   |  1- 3 |  4- 6 || total
-------------------------+-------+-------++-------
Melee: Spear             |   104 |   130 ||   234
Evoke: Wand              |       |     1 ||     1
  Use: Scroll            |       |    11 ||    11
       Potion            |       |     5 ||     5
 Stab: Sleeping          |     1 |       ||     1
       Paralysed         |     1 |     6 ||     7
